 Dungeon Crawl Stone Soup version 0.27.0-1-g7a089689b8 (webtiles) character file.

Game seed: 15990705173300738779

17 MajorAdolf the Sneak (level 2, 0/25 HPs)
             Began as a Naga Wanderer on Aug 4, 2021.
             Slain by a bat (1 damage)
             ... on level 1 of the Dungeon.
             The game lasted 00:01:06 (454 turns).

MajorAdolf the Sneak (Naga Wanderer)                 Turns: 454, Time: 00:01:07

Health: 0/25       AC:  1    Str: 15    XL:     2   Next: 62%
Magic:  2/2        EV:  9    Int: 11    God:
Gold:   47         SH:  0    Dex: 10    Spells: 1/1 levels left

rFire    . . .     SeeInvis +   a - +2 dagger
rCold    . . .     Faith    .   (no shield)
rNeg     . . .     Spirit   .   e - +0 robe
rPois    +         Reflect  .   (no helmet)
rElec    .         Harm     .   (no cloak)
rCorr    .         Rampage  .   (no gloves)
Will     .....                  (no barding)
Stlth    +++.......             (no amulet)
HPRegen  0.08/turn              (no ring)
MPRegen  0.08/turn              (no ring)

@: very slow
A: AC +0, large, see invisible, deformed body, poison resistance, slowness 2,
spit poison 1, naga tail 1
a: Spit Poison


You were on level 1 of the Dungeon.
You visited 1 branch of the dungeon, and saw 1 of its levels.

You collected 47 gold pieces.

Inventory:

Hand Weapons
 a - a +2 dagger (weapon)
 c - a +0 mace
Armour
 e - a +0 robe (worn)
Scrolls
 b - a scroll of blinking
 f - a scroll of acquirement {unknown}
Potions
 d - a potion of lignification
 g - a potion of flight {unknown}


   Skills:
 - Level 1.0 Fighting
 - Level 1.0 Maces & Flails
 - Level 1.0 Throwing
 - Level 2.4 Armour
 + Level 7.0 Stealth


You had one spell level left.
You didn't know any spells.
Your spell library was empty.

Dungeon Overview and Level Annotations

Branches:
Dungeon (1/15)

Altars:


Innate Abilities, Weirdness & Mutations

Your serpentine skin is tough. (AC +0)
You have supernaturally acute eyesight. (SInv)
Armour fits poorly on your strangely shaped body.
Your system is resistant to poisons. (rPois)
You cover ground very slowly.
You can spit poison.
You have a snake-like lower body.


Message History

You hit the hobgoblin but do no damage.
The hobgoblin is severely wounded.
The hobgoblin hits you.
* * * LOW HITPOINT WARNING * * *
Unknown command.
You barely miss the hobgoblin.
The hobgoblin is almost dead.
You kill the hobgoblin!
The bat closely misses you. The bat hits you but does no damage.
You closely miss the bat. The bat hits you.
* * * LOW HITPOINT WARNING * * *
You have got your breath back.
The bat hits you.
* * * LOW HITPOINT WARNING * * *
You see here a hobgoblin corpse.
Unknown command.
The bat hits you but does no damage.
Press: ? - help, Shift-Dir - straight line, f/p - bat
Aim: a bat The splash of poison misses the bat.
The bat hits you but does no damage.
Unknown command.
The bat closely misses you. x2
The bat closely misses you. The bat hits you but does no damage.
You have got your breath back.
Press: ? - help, Shift-Dir - straight line, f/p - bat
Aim: a bat The splash of poison hits the bat.
The bat is moderately wounded.
The bat hits you.
* * * LOW HITPOINT WARNING * * *
The bat barely misses you. The bat completely misses you.
The bat barely misses you. The bat hits you but does no damage.
The bat hits you.
* * * LOW HITPOINT WARNING * * *
The bat hits you.
* * * LOW HITPOINT WARNING * * *
You have got your breath back.
The bat hits you.
You die...

######### ###...>...# .###
##.#.#####.# ...## ##.#>.# #..
#...# #######.#...# #.# ....##
#######...........# #.# ..#..#
##.......@.........#####.#
.....###.#.####b#####.##........#
.....##.###.###.## #.##.###.####
..#..†.## ##.....# #.##.# #.#
....###.###.###..# #.##.# #.#
#......).#.####..# #>##.. #.####
.................# #.# ## #.....
...###.##.#.####.# #.# # #.....
...# #.##.#.# #.# #.# #.#.####


You could see a bat.

Vanquished Creatures
  A ball python (D:1)
  5 bats (D:1)
  3 endoplasms (D:1)
  A giant cockroach (D:1)
  A hobgoblin (D:1)
  A kobold (D:1)
  2 frilled lizards (D:1)
  2 goblins (D:1)
16 creatures vanquished.

Notes
Turn   | Place    | Note
-------+----------+-------------------------------------------
     0 | D:1      | MajorAdolf the Naga Wanderer began the quest for the Orb.
     0 | D:1      | MajorAdolf set off with the following items: a +2 dagger, a
                  | scroll of blinking, a +0 mace, a potion of lignification, a
                  | +0 robe
     0 | D:1      | Reached XP level 1. HP: 18/18 MP: 1/1
    30 | D:1      | Reached skill level 6 in Stealth
   222 | D:1      | Reached XP level 2. HP: 25/25 MP: 2/2
   379 | D:1      | Reached skill level 7 in Stealth
   453 | D:1      | HP: 1/25 [bat (1)]
   454 | D:1      | Slain by a bat

Illustrated notes

Levels and vault maps discovered:
D:1:      dpeg_arrival_radiant, layout_loops_ring, serial_bayou_pond_e,
          chequers_mini_garden, minmay_misc_feat_plants, minmay_tromino_v4_b

Skill      XL: |  1  2 |
---------------+-------+-----
Stealth        | 6 7 |  7.0
Fighting       | |  1.0
Maces & Flails | |  1.0
Throwing       | |  1.0
Armour         | |  2.4

Action                   || total
-------------------------++-------
Melee: Dagger            ||    35
 Abil: Spit Poison       ||    13
 Stab: Sleeping          ||     4
Armor: Robe              ||    15
Dodge: Dodged            ||    38
